Map: Cactus Valley LE (Void)

Players

Alkibiades

  • Race: Terran Terran
  • League: Grandmaster

SticklerMac - Winner!

  • Race: Zerg Zerg
  • League: Grandmaster

VOD

Have the link to the VOD?

Description

Time

  • Played on: June 16, 2015, 2:24 p.m.
  • Length: 4:28
Show
View Real Time Build Order
Export as new Build Order

Alkibiades Terran 

Build Orders:  

Get SALT Encoding   

  13  0:11  Supply Depot  
  12  0:34  Barracks  
  12  0:41  Refinery  
  12  0:53  Barracks  
  12  1:00  SCV  
  13  1:10  Refinery  
  13  1:16  SCV  
  14  1:24  Reaper  
  15  1:31  SCV  
  16  1:41  Reaper  
  17  1:56  Orbital Command  
  17  2:01  Reaper  
  18  2:16  Bunker  
  18  2:19  Reaper  
  19  2:34  Reaper  
  20  2:38  SCV  
  20  2:43  Supply Depot  
  21  2:51  Reaper  
  22  3:01  SCV  
  23  3:06  Reaper  
  23  3:12  Bunker  
  22  3:23  Reaper  
  22  3:25  SCV  
  24  3:37  SCV  
  24  3:38  Reaper  
  26  3:54  SCV  
  26  3:55  Reaper  
  28  3:59  Command Center  
Show
View Real Time Build Order
Export as new Build Order

SticklerMac Zerg - Winner!

Build Orders: Pool First 

Get SALT Encoding   

  12  0:01  Drone  
  13  0:09  Drone  
  13  0:13  Extractor  
  13  0:15  Drone  
  14  0:34  Spawning Pool  
  13  0:39  Drone  
  14  0:48  Overlord  
  14  1:07  Drone x3  
  17  1:18  Drone  
  18  1:20  Metabolic Boost  
  18  1:29  Drone  
  19  1:48  Hatchery  
  19  1:50  Drone  
  19  2:01  Overlord  
  19  2:07  Queen  
  21  2:13  Drone  
  21  2:35  Extractor  
  21  2:47  Zergling x2  
  21  2:48  Zergling x4  
  24  3:03  Queen  
  23  3:09  Zergling x2  
  23  3:10  Drone  
  25  3:16  Zergling x4  
  24  3:28  Zergling x10  
  24  3:30  Queen  
  24  3:33  Zergling x2  
  31  3:38  Baneling Nest  
  30  3:49  Zergling x6  
  30  3:55  Zergling x4  
  36  4:10  Zergling x2  
Tags
 
Add a new tag
Caveats
  • Supply blocks, unpowered buildings, or Contaminate may cause inaccurate times.
  • Supply counts are checked every 10 seconds.